 Dungeon Crawl Stone Soup version 0.27.0-1-g7a089689b8 (webtiles) character file.

Game seed: 7092348508724250172

29 willcat the Sneak (level 3, -1/29 HPs)
             Began as a Mummy Delver on Aug 13, 2021.
             Slain by a killer bee zombie (5 damage)
             ... on level 7 of the Dungeon.
             The game lasted 00:00:35 (374 turns).

willcat the Sneak (Mummy Delver)                     Turns: 374, Time: 00:00:36

Health: -1/29      AC:  3    Str: 16    XL:     3   Next: 1%
Magic:  3/3        EV: 11    Int:  9    God:
Gold:   13         SH:  0    Dex: 13    Spells: 2/2 levels left

rFire    x . .     SeeInvis .   a - +0 short sword
rCold    + . .     Faith    .   (no shield)
rNeg     + + +     Spirit   .   b - +0 leather armour
rPois    ∞         Reflect  .   (no helmet)
rElec    .         Harm     .   (no cloak)
rCorr    .         Rampage  .   (no gloves)
Will     .....                  (no boots)
Stlth    ++........             (no amulet)
HPRegen  0.09/turn              (no ring)
MPRegen  0.08/turn              (no ring)

@: no status effects
A: cold resistance 1, negative energy resistance 3, torment resistance 2, heat
vulnerability 1, no potions
a: no special abilities


You were on level 7 of the Dungeon.
You visited 1 branch of the dungeon, and saw 3 of its levels.

You collected 13 gold pieces.

Inventory:

Hand Weapons
 a - a +0 short sword (weapon)
Armour
 b - a +0 leather armour (worn)
Wands
 f - a wand of digging (3)
Scrolls
 c - a scroll of fog
 d - a scroll of magic mapping
 e - a scroll of fear


   Skills:
 - Level 3.0 Fighting
 + Level 2.3 Short Blades
 - Level 1.5 Dodging
 + Level 4.5 Stealth


You had 2 spell levels left.
You didn't know any spells.
Your spell library was empty.

Dungeon Overview and Level Annotations

Branches:
Dungeon (7/15)
 Temple: D:4-7

Altars:


Innate Abilities, Weirdness & Mutations

You are immune to poison.
Your flesh is cold resistant. (rC+)
You are immune to negative energy. (rN+++)
You are immune to unholy pain and torment.
You are vulnerable to heat. (rF-)
You do not drink.


Message History

There is an escape hatch in the floor here.
The howler monkey zombie barely misses you.
You slide downwards.
The hatch slams shut behind you.
Unknown command.
You start resting.
HP restored.
A killer bee zombie comes into view.
The killer bee zombie barely misses you.
A killer bee zombie is nearby!
A killer bee zombie is nearby!
You hit the killer bee zombie.
The killer bee zombie is lightly damaged.
The killer bee zombie hits you.
You barely miss the killer bee zombie.
The killer bee zombie is lightly damaged.
The killer bee zombie hits you. The killer bee zombie misses you.
You can't drink.
Okay, then.
The killer bee zombie hits you.
The killer bee zombie hits you but does no damage.
The killer bee zombie barely misses you.
The killer bee zombie barely misses you.
The killer bee zombie closely misses you.
The killer bee zombie hits you but does no damage.
The killer bee zombie hits you. The killer bee zombie misses you.
The killer bee zombie hits you. The killer bee zombie hits you.
The killer bee zombie closely misses you.
Found 23 gold pieces.
The killer bee zombie hits you.
* * * LOW HITPOINT WARNING * * *
The killer bee zombie barely misses you.
The killer bee zombie barely misses you.
The killer bee zombie barely misses you.
The killer bee zombie hits you.
* * * LOW HITPOINT WARNING * * *
A steam dragon comes into view.
The killer bee zombie hits you.
You die...

#######.##
#######$@.......
.......Z###.....
#.##.##..# D.#
#.#......# .
........##
#..##.#..#
#........#
#.###.#.## #.
#.#.#


You could see a steam dragon (asleep) and a killer bee zombie.

Vanquished Creatures
  A hound (D:6)
1 creature vanquished.

Notes
Turn   | Place    | Note
-------+----------+-------------------------------------------
     0 | D:5      | willcat the Mummy Delver began the quest for the Orb.
     0 | D:5      | Reached XP level 1. HP: 18/18 MP: 1/1
    38 | D:6      | Noticed a hound
    50 | D:6      | Killed a hound
    51 | D:6      | Reached XP level 2. HP: 2/24 MP: 2/2
    51 | D:6      | Reached XP level 3. HP: 3/29 MP: 3/3
   374 | D:7      | Noticed a steam dragon
   374 | D:7      | Slain by a killer bee zombie

Illustrated notes

Levels and vault maps discovered:
D:5:      layout_loops_ring, gup_sewer_entry_spiral, gammafunk_ghost_smash,
          uniq_edmund
D:6:      layout_loops_cross, bloody_trog, serial_shops, shop,
          serial_bayou_crossing
D:7:      layout_loops_corners, minmay_temple_entry_drinking_statues,
          serial_shops, shop

Skill      XL: |  1 |
---------------+----+-----
Short Blades   | 2 |  2.3
Fighting       | |  3.0
Dodging        | |  1.5
Stealth        | |  4.5

Action                   || total
-------------------------++-------
Melee: Short sword       ||    14
Armor: Leather armour    ||     4
Dodge: Dodged            ||    17
